 Dungeon Crawl Stone Soup version 0.31-a0-940-gdaa99269f9 (webtiles) character file.

Game seed: 4999673051158419162

16941 Dylgear the Cleaver (level 12, 0/97 HPs)
             Began as a Formicid Fighter on Oct 20, 2023.
             Was a Priest of Wu Jian.
             Slain by Rupert
             ... wielding a +2 battleaxe of freezing
              (6 damage)
             ... on level 12 of the Dungeon on Oct 21, 2023.
             The game lasted 00:52:06 (11367 turns).

Dylgear the Cleaver (Formicid Fighter)             Turns: 11367, Time: 00:52:07

Health: 0/97       AC: 24    Str: 23    XL:     12   Next: 76%
Magic:  12/12      EV: 14    Int:  9    God:    Wu Jian [***...]
Gold:   690        SH:  7    Dex: 15    Spells: 11/11 levels left

rFire   + . .        a - +1 war axe
rCold   + . .        c - +0 buckler
rNeg    . . .        n - +1 gold dragon scales
rPois   +            (helmet unavailable)
rElec   .            (no cloak)
rCorr   .            J - +1 pair of gloves
SInv    +            i - +2 pair of boots
Will    +....        g - amulet of regeneration Stlth
                     k - +5 ring of evasion
HPRegen 1.16/turn    x - +5 ring of evasion
MPRegen 0.13/turn

%: no passive effects
@: exhausted
A: permanent stasis, dig shafts and tunnels, antennae 3, four strong arms
a: Dig, Shaft Self, Renounce Religion, Wall Jump, Serpent's Lash


You were on level 12 of the Dungeon.
You worshipped Wu Jian.
Wu Jian was most pleased with you.
You visited 3 branches of the dungeon, and saw 14 of its levels.

You collected 690 gold pieces.

Inventory:

Hand Weapons
 a - a +1 war axe (weapon)
 b - a +0 morningstar
 I - a +0 heavy morningstar
 P - the +8 trident of the Octopus King {venom, rElec rPois}
   (You found it on level 9 of the Dungeon)

   rElec:     It insulates you from electricity.
   rPois:     It protects you from poison
Missiles
 v - a throwing net
 w - 5 boomerangs
Armour
 c - a +0 buckler (worn)
 i - a +2 pair of boots (worn)
 m - an orb of mayhem
 n - +1 gold dragon scales (worn)
 p - a +0 chain mail
 s - an orb of guile
 J - a +1 pair of gloves (worn)
Jewellery
 d - an amulet of the acrobat
 e - an amulet of guardian spirit
 g - an amulet of regeneration (around neck)
 k - a +5 ring of evasion (left hand)
 q - a ring of positive energy
 u - a ring of protection from cold
 x - a +5 ring of evasion (right hand)
 K - a ring of resist corrosion
 O - a ring of willpower
Talismans
 f - a flux talisman
Wands
 l - a wand of flame (15)
 t - a wand of acid (17)
 C - a wand of paralysis (29)
 E - a wand of mindburst (11)
 F - a wand of polymorph (5)
 L - a wand of iceblast (4)
 N - a wand of digging (2)
Scrolls
 r - 7 scrolls of fog
 y - 3 scrolls of enchant weapon
 D - a scroll of enchant armour
 Q - a scroll of poison
 R - 3 scrolls of immolation
Potions
 h - 2 potions of curing
 j - 2 potions of magic
 o - 2 potions of resistance {unknown}
 z - a potion of lignification {unknown}
 B - a potion of ambrosia {unknown}
 G - 2 potions of mutation {unknown}
 H - a potion of cancellation {unknown}


   Skills:
 * Level 10.2 Fighting
 * Level 13.7 Axes
 * Level 10.5 Armour
 + Level 0.1 Dodging
 * Level 10.8 Shields
 + Level 0.2 Evocations


You had 11 spell levels left.
You didn't know any spells.
Your spell library contained the following spells:

 Spells                   Type           Power      Damage    Failure   Level
 Sting                    Tmut/Pois      0%         1d3       100%        1
 Cigotuvi's Dreadful Rot  Necr/Pois/Air  0%         N/A       100%        2
 Poisonous Vapours        Pois/Air       0%         N/A       100%        2
 Stone Arrow              Conj/Erth      0%         3d7       100%        3
 Animate Armour           Summ/Erth      0%         N/A       100%        4
 Dispel Undead            Necr           0%         3d6       100%        4
 Olgreb's Toxic Radiance  Pois           0%         N/A       100%        4
 Death Channel            Necr           0%         N/A       100%        6
 Lehudib's Crystal Spear  Conj/Erth      0%         10d2      100%        8
 Chain Lightning          Conj/Air       0%         N/A       100%        9
 Fire Storm               Conj/Fire      0%         5d1       100%        9
 Shatter                  Erth           0%         3d5*      100%        9


Dungeon Overview and Level Annotations

Branches:
Dungeon (12/15)            Temple (1/1) D:7            Lair (1/5) D:11
    Orc (0/2) D:10

Altars:
Ashenzari
Cheibriados
Dithmenos
Elyvilon
Fedhas
Gozag
Hepliaklqana
Kikubaaqudgha
Makhleb
Nemelex Xobeh
Okawaru
Qazlal
Ru
Sif Muna
Trog
Uskayaw
Vehumet
Wu Jian
Xom
Yredelemnul
Zin
The Shining One

Annotations:
D:12 Rupert


Innate Abilities, Weirdness & Mutations

You cannot be hasted, slowed, berserked, paralysed or teleported.
You can dig through walls and to a lower floor.
You have a pair of large antennae on your head. (SInv)
Your four strong arms can wield two-handed weapons with a shield.


Message History

Rupert roars wildly at you.
You are confused.
You bump into the rock wall.
Rupert roars madly and goes into a rage!
Rupert goes berserk!
You slash Rupert!
Rupert is moderately wounded.
Rupert closely misses you.
You feel better.
Rupert hits you with a +2 battleaxe of freezing!
Rupert freezes you. You block Rupert's attack.
You slash Rupert!
Rupert is moderately wounded.
Rupert hits you with a +2 battleaxe of freezing.
You barely miss Rupert.
Rupert is moderately wounded.
Rupert hits you with a +2 battleaxe of freezing!!
Rupert freezes you.
You slash Rupert!
Rupert is moderately wounded.
Rupert hits you with a +2 battleaxe of freezing!
Rupert hits you with a +2 battleaxe of freezing!!
* * * LOW HITPOINT WARNING * * *
Rupert freezes you.
* * * LOW HITPOINT WARNING * * *
Level annotation: Rupert Welcome back, Dylgear the Formicid Fighter.
The Council says: Follow the path of wisdom and battle!
Press ? for a list of commands and other information.
Okay, then.
Unknown command.
Okay, then.
Your muscles tense, ready for explosive movement...
Your supernatural speed expires.
You begin to dig a shaft.
You continue digging a shaft.
Rupert rages.
Rupert hits you with a +2 battleaxe of freezing.
You die...
Rupert roars with triumph.

########################
....!....°@@............
.......#########........
####... #..###### #...
#..# #... #..# #... #..#
#... #..# #... #..# #..#


You could see Rupert (berserk).

Vanquished Creatures
  Harold (Lair:1)
  Erolcha (D:9)
  A boulder beetle (D:11)
  5 two-headed ogres
  A deep elf pyromancer (D:12)
  2 cyclopes
  Joseph (D:9)
  An unseen horror (D:10)
  2 komodo dragons
  3 gargoyles
  3 trolls (D:11)
  6 slime creatures
  4 wraiths
  3 shadows
  A wyvern (D:10)
  11 yaks
  An acid dragon (D:8)
  Pargi (D:3)
  2 water moccasins
  Duvessa (D:4)
  An ice beast (D:5)
  A sky beast (D:8)
  A black bear (D:5)
  6 orc warriors
  2 ogres
  4 wolves (Lair:1)
  4 centaurs
  A phantom (D:4)
  2 kobold brigands
  3 bullfrogs
  2 gnoll sergeants
  5 scorpions
  Dowan (D:4)
  9 killer bees
  A crimson imp (D:10)
  A jelly (D:5)
  5 hounds
  7 orc priests
  Crazy Yiuf (D:4)
  A gnoll bouda (D:6)
  2 sleepcaps
  6 iguanas
  10 orc wizards
  Natasha (thrice) (D:3)
  Robin (D:3)
  10 gnolls
  6 adders
  A shadow imp (D:7)
  2 white imps
  2 ufetubi (D:6)
  A worm (D:3)
  4 dart slugs
  42 orcs
  2 ball pythons
  7 endoplasms
  4 giant cockroaches
  14 goblins
  8 hobgoblins
  A quokka (D:1)
  5 bats
  3 frilled lizards
  8 kobolds
  3 rats
254 creatures vanquished.

Notes
Turn   | Place    | Note
-------+----------+-------------------------------------------
     0 | D:1      | Dylgear the Formicid Fighter began the quest for the Orb.
     0 | D:1      | Reached XP level 1. HP: 18/18 MP: 1/1
   181 | D:1      | Reached XP level 2. HP: 22/24 MP: 2/2
   528 | D:1      | Found a faded altar of an unknown god.
  1003 | D:2      | Reached XP level 3. HP: 30/30 MP: 3/3
  1611 | D:2      | Reached XP level 4. HP: 37/37 MP: 4/4
  2078 | D:3      | Noticed Pargi
  2093 | D:3      | Killed Pargi
  2094 | D:3      | Reached skill level 3 in Axes
  2094 | D:3      | Reached XP level 5. HP: 40/42 MP: 5/5
  2146 | D:3      | Noticed Robin
  2170 | D:3      | Killed Robin
  2171 | D:3      | Reached skill level 5 in Shields
  2275 | D:3      | Reached XP level 6. HP: 48/48 MP: 6/6
  2705 | D:3      | Noticed Natasha
  2711 | D:3      | Killed Natasha
  2712 | D:3      | Reached skill level 4 in Axes
  2732 | D:3      | Noticed Natasha
  2742 | D:3      | Killed Natasha
  3170 | D:3      | Noticed Natasha
  3175 | D:3      | Killed Natasha
  3299 | D:4      | Found an opulent altar of Gozag.
  3299 | D:4      | Noticed Duvessa
  3318 | D:4      | Killed Duvessa
  3319 | D:4      | Reached skill level 5 in Axes
  3319 | D:4      | Reached XP level 7. HP: 42/55 MP: 7/7
  3343 | D:4      | Noticed Dowan
  3351 | D:4      | Killed Dowan
  3429 | D:4      | Reached skill level 5 in Armour
  3714 | D:4      | Reached skill level 6 in Axes
  3871 | D:4      | Reached XP level 8. HP: 61/61 MP: 8/8
  3991 | D:4      | Found a runed translucent door.
  3994 | D:4      | Noticed Crazy Yiuf
  3998 | D:4      | Killed Crazy Yiuf
  4203 | D:5      | Entered Level 5 of the Dungeon
  4264 | D:5      | Reached skill level 5 in Fighting
  5366 | D:6      | Reached skill level 7 in Axes
  5446 | D:6      | Reached XP level 9. HP: 68/68 MP: 9/9
  5587 | D:6      | Reached skill level 8 in Axes
  5728 | D:6      | Found a glowing silver altar of Zin.
  6492 | D:7      | Found a shadowy altar of Dithmenos.
  6585 | D:7      | Found a staircase to the Ecumenical Temple.
  6598 | Temple   | Entered the Ecumenical Temple
  6624 | Temple   | Became a worshipper of the Wu Jian Council
  6646 | D:7      | Noticed a gargoyle
  6780 | D:6      | Reached skill level 9 in Axes
  6795 | D:7      | Reached XP level 10. HP: 77/77 MP: 10/10
  6863 | D:7      | Found a sacrificial altar of Ru.
  6864 | D:7      | Found a basalt altar of Yredelemnul.
  7052 | D:7      | Killed a gargoyle
  7737 | D:8      | Reached skill level 10 in Axes
  7753 | D:8      | Reached * piety under Wu Jian
  7828 | D:8      | Found a hazy altar of Hepliaklqana.
  8389 | D:9      | Found the +8 trident of the Octopus King {venom, rElec
                  | rPois}
  8491 | D:9      | Noticed a two-headed ogre
  8667 | D:9      | Killed a two-headed ogre
  8668 | D:9      | Reached skill level 11 in Axes
  8668 | D:9      | Reached XP level 11. HP: 33/86 MP: 11/11
  8781 | D:9      | Found a snail-covered altar of Cheibriados.
  8789 | D:9      | Noticed Erolcha
  8806 | D:9      | Killed Erolcha
  8941 | D:10     | Entered Level 10 of the Dungeon
  8985 | D:10     | Noticed Joseph
  9007 | D:9      | Killed Joseph
  9095 | D:10     | Noticed a two-headed ogre
  9107 | D:10     | Killed a two-headed ogre
  9164 | D:10     | Found a shimmering altar of Xom.
  9165 | D:10     | Found a burning altar of Makhleb.
  9168 | D:10     | Reached ** piety under Wu Jian
  9188 | D:10     | Noticed a two-headed ogre
  9204 | D:10     | Killed a two-headed ogre
  9280 | D:10     | Found an ancient bone altar of Kikubaaqudgha.
  9371 | D:10     | Reached skill level 12 in Axes
  9387 | D:10     | Found a staircase to the Orcish Mines.
  9688 | D:11     | Noticed a boulder beetle
  9713 | D:11     | Killed a boulder beetle
  9714 | D:11     | Reached skill level 10 in Shields
  9855 | D:11     | Noticed a cyclops
  9873 | D:11     | Killed a cyclops
 10195 | D:11     | Reached XP level 12. HP: 95/95 MP: 12/12
 10248 | D:11     | Reached skill level 10 in Armour
 10309 | D:11     | Found a staircase to the Lair.
 10456 | D:11     | Noticed a two-headed ogre
 10463 | D:11     | Killed a two-headed ogre
 10464 | D:11     | Reached skill level 13 in Axes
 10690 | Lair:1   | Entered Level 1 of the Lair of Beasts
 10819 | Lair:1   | Noticed Harold
 10844 | Lair:1   | Killed Harold
 10844 | Lair:1   | Noticed a death yak
 11051 | D:12     | Noticed a two-headed ogre
 11064 | D:12     | Killed a two-headed ogre
 11065 | D:12     | Reached skill level 10 in Fighting
 11100 | D:12     | Reached *** piety under Wu Jian
 11347 | D:12     | Noticed Rupert
 11365 | D:12     | HP: 4/97 [Rupert/+2 battleaxe of freezing (1)]
 11366 | D:12     | Upgraded the game from 0.31-a0-931-g7b59d4eb97 to
                  | 0.31-a0-940-gdaa99269f9
 11367 | D:12     | Slain by Rupert

Illustrated notes

Levels and vault maps discovered:
D:1:      zaba_arrival_water, layout_loops_ring,
          ebering_ecumenical_altar_petrified
D:2:      layout_basic
D:3:      layout_basic, minivault_11, uniq_natasha, uniq_pargi, uniq_robin
D:4:      layout_basic, mainiacjoe_overflow_surrounded_room,
          uniq_crazy_yiuf_cottage, uniq_duvessa
D:5:      layout_loops_corners, corner_web_ring
D:6:      layout_basic, mainiacjoe_overflow_small_starburst
D:7:      layout_loops_ring, chequers_temple_overflow_statue_of_worship,
          minmay_temple_entry_mist, st_stairs_11
D:8:      layout_layer_cave, overflow_temple_1_default
D:9:      layout_rooms, old_standard_altar, uniq_erolcha
D:10:     layout_cave_pools, grunt_temple_overflow_champion_of_chaos,
          nicolae_overflow_hidden_temple, david_orc_3, uniq_joseph
D:11:     layout_gridville, lair_entry_dummy
D:12:     layout_long_grid, minmay_statues_item, uniq_rupert
Temple:   hellmonk_temple_two_chambers
Lair:1:   layout_chaotic_city, grunt_megastairs_1, uniq_harold, uniq_fannar

Skill      XL: |  1  2  3  4  5  6  7  8  9 10 11 12 |
---------------+-------------------------------------+-----
Fighting       | 4 5 6 7 9 10 | 10.2
Axes           | 3 5 6 7 9 11 12 13 | 13.7
Armour         | 4 5 6 7 8 9 10 | 10.5
Shields        | 5 6 7 9 10 | 10.8
Dodging        | |  0.1
Evocations     | |  0.2

Action                     |  1- 3 |  4- 6 |  7- 9 | 10-12 || total
---------------------------+-------+-------+-------+-------++-------
  Melee: War axe           |    79 |   136 |   356 |   636 ||  1207
 Invoke: Serpent's Lash    |       |       |       |     1 ||     1
Ability: Dig               |     1 |       |       |     3 ||     4
         Lunge             |       |       |       |    30 ||    30
         Whirlwind         |       |       |       |    24 ||    24
         Wall Jump         |       |       |       |    10 ||    10
         Shaft Self        |       |       |       |     1 ||     1
  Evoke: Wand              |       |       |     2 |       ||     2
    Use: Scroll            |     5 |       |     5 |     9 ||    19
         Potion            |       |     1 |     1 |     5 ||     7
 Armour: Scale mail        |    27 |       |       |       ||    27
         Gold dragon scale |    36 |   160 |   323 |   366 ||   885
  Dodge: Dodged            |    25 |    11 |   227 |   278 ||   541
  Block: Buckler           |    24 |    47 |   136 |   191 ||   398

Table legend: (Time is in decaauts)
 A = Elapsed time spent in this place.
 B = Non-inter-level travel time spent in this place.
 C = Inter-level travel time spent in this place.
 D = Time resting spent in this place.
 E = Time spent auto-exploring this place.
 F = Levels seen in this place.
 G = Mean time per level.
                   A        B        C        D        E       F      G
               +--------+--------+--------+--------+--------+-----+--------+
         Total |  11521 |  10582 |    939 |    323 |   6264 |  14 |  822.9 |
       Dungeon |  11316 |  10377 |    939 |    323 |   6187 |  12 |  943.0 |
        Temple |     39 |     39 |      0 |      0 |      0 |   1 |   39.0 |
          Lair |    165 |    165 |      0 |      0 |     77 |   1 |  165.0 |
               +--------+--------+--------+--------+--------+-----+--------+

Top non-repeatable levels by time:
     D:3: 1212 daAuts
     D:6: 1162 daAuts
     D:2: 1133 daAuts
     D:5: 1096 daAuts
     D:8: 1059 daAuts
     D:4: 1020 daAuts
     D:1: 995 daAuts
    D:11: 943 daAuts
    D:10: 812 daAuts
     D:7: 794 daAuts
     D:9: 658 daAuts
    D:12: 427 daAuts
  Lair:1: 165 daAuts
  Temple: 39 daAuts
